 Dungeon Crawl Stone Soup version 0.30-a0-540-g0af01429fa (webtiles) character file.

Game seed: 4415207600745441846

176344 jt the Peltast (level 18, -1/112 HPs)
             Began as a Vine Stalker Fighter on Dec 25, 2022.
             Was the Champion of Wu Jian.
             Succumbed to a nagaraja's bolt of poison
             ... on level 4 of the Snake Pit on Dec 26, 2022.
             The game lasted 02:17:58 (28358 turns).

jt the Peltast (Vine Stalker Fighter)              Turns: 28358, Time: 02:17:59

Health: -1/112     AC: 12    Str: 22    XL:     18   Next: 13%
Magic:  25/25      EV: 24    Int: 11    God:    Wu Jian [******]
Gold:   2431       SH: 19    Dex: 26    Spells: 23/26 levels left

rFire   . . .      SeeInvis .    a - +2 dagger (speed)
rCold   . . .      Faith    .    W - +2 kite shield {reflect}
rNeg    . . .      Spirit   +    i - +3 robe of Clouds {*Thunder rCloud rElec}
rPois   .          Reflect  +    u - +2 helmet
rElec   +          Harm     .    f - +0 cloak
rCorr   .          Rampage  .    B - +0 pair of gloves of the Sea {Regen+ Str+3}
Will    ++...                    H - +1 pair of boots
Stlth   +++                      L - amulet of the Slug {Spirit Int+3 Dex+4}
HPRegen 1.98/turn                N - +4 ring of evasion
MPRegen 0.19/turn                y - +4 ring of evasion

@: lethally poisoned (-1 -> -9)
A: fangs 3, regeneration 1, magic shield, antimagic bite, no potion heal 2
a: Renounce Religion, Wall Jump, Serpent's Lash, Heavenly Storm


You were on level 4 of the Snake Pit.
You worshipped Wu Jian.
Wu Jian was exalted by your worship.
You visited 5 branches of the dungeon, and saw 27 of its levels.
You also visited: Sewer and Ice Cave.

You collected 3391 gold pieces.
You spent 960 gold pieces at shops.

Inventory:

Hand Weapons
 a - a +2 dagger of speed (weapon)
 b - a +1 short sword of holy wrath
 m - the +10 trident of Painful Death {protect, Will+}
   (You found it on level 8 of the Dungeon)

   It grants its wielder temporary protection when it strikes (+7 to AC).
   Will:      It increases your willpower.
Missiles
 s - 26 poisoned darts (quivered)
 G - 7 javelins
 X - a curare-tipped dart
Armour
 f - a +0 cloak (worn)
 i - the +3 robe of Clouds (worn) {*Thunder rCloud rElec}
   (You bought it in a shop on level 4 of the Dungeon)

   It occasionally creates storm clouds above nearby enemies.
   It grants its wearer immunity to clouds.
   rElec:     It insulates you from electricity.
 u - a +2 helmet (worn)
 B - the +0 pair of gloves of the Sea (worn) {Regen+ Str+3}
   (You found it on level 3 of the Dungeon)

   Str:       It affects your strength (+3).
   Regen:     It increases your rate of health regeneration.
 H - a +1 pair of boots (worn)
 T - a +0 pair of boots of flying
 W - a +2 kite shield of reflection (worn)
 Y - a +3 ring mail of fire resistance
Magical Staves
 M - a staff of air
 U - a staff of poison
Jewellery
 c - the amulet of Doehehas {Faith rF++ rN+}
   (You found it on level 15 of the Dungeon)

   [amulet of faith]

   It allows you to gain divine favour quickly.
   rF:        It greatly protects you from fire.
   rN:        It protects you from negative energy.
 p - a ring of resist corrosion
 x - the ring "Seusyote" {Fire Dex+5}
   (You found it in an ice cave)

   [ring of fire]

   It enhances your fire magic.
   Dex:       It affects your dexterity (+5).
   rF:        It protects you from fire.
   rC:        It makes you vulnerable to cold.
 y - a +4 ring of evasion (right hand)
 L - the amulet of the Slug (around neck) {Spirit Int+3 Dex+4}
   (You found it on level 5 of the Dungeon)

   [amulet of guardian spirit]

   It causes incoming damage to be divided between your reserves of health and
   magic.
   Int:       It affects your intelligence (+3).
   Dex:       It affects your dexterity (+4).
 N - a +4 ring of evasion (left hand)
 O - a ring of see invisible
 Z - a ring of positive energy
Wands
 r - a wand of paralysis (10)
 A - a wand of digging (9)
 E - a wand of roots (23)
 J - a wand of flame (69)
 V - a wand of acid (8)
Scrolls
 h - a scroll of amnesia
 j - 6 scrolls of fog
 o - 2 scrolls of butterflies
 q - 8 scrolls of vulnerability
 t - 9 scrolls of blinking
 v - a scroll of immolation
 C - 4 scrolls of fear
 I - 8 scrolls of teleportation
 R - 4 scrolls of magic mapping
 S - a scroll of silence
Potions
 d - 3 potions of might
 e - a potion of resistance
 n - a potion of haste
 w - a potion of magic
 z - a potion of berserk rage
 D - a potion of ambrosia
 F - 2 potions of cancellation
 K - a potion of brilliance
 Q - 4 potions of mutation
Miscellaneous
 g - a lightning rod (1/4)
 k - a tin of tremorstones (2/2)
 l - a phial of floods
 P - a condenser vane


   Skills:
 + Level 19.1 Fighting
 - Level 10.0 Short Blades
 - Level 2.0 Throwing
 - Level 2.4 Armour
 - Level 5.0 Dodging
 - Level 2.0 Stealth
 + Level 19.3 Shields
 + Level 4.6 Spellcasting
 - Level 2.0 Translocations
 - Level 2.0 Evocations


You had 23 spell levels left.
You knew the following spells:

 Your Spells              Type           Power      Damage    Failure   Level
a - Blink                 Tloc           12%        N/A       22%         2
b - Apportation           Tloc           12%        N/A       14%         1

Your spell library contained the following spells:

 Spells                   Type           Power      Damage    Failure   Level
 Beastly Appendage        Tmut           4%         N/A       32%         1
 Magic Dart               Conj           8%         1d3       32%         1
 Necrotise                Necr           8%         1d4       32%         1
 Summon Small Mammal      Summ           8%         N/A       32%         1
 Momentum Strike          Conj/Tloc      8%         3d8       32%         2
 Lesser Beckoning         Tloc           12%        N/A       38%         3
 Cigotuvi's Dreadful Rot  Necr/Pois/Air  4%         N/A       43%         2
 Ensorcelled Hibernation  Hex/Ice        4%         N/A       43%         2
 Passwall                 Tmut/Erth      1%         N/A       43%         2
 Poisonous Vapours        Pois/Air       4%         N/A       43%         2
 Searing Ray              Conj           4%         2d4       43%         2
 Dazzling Flash           Conj/Hex       4%         N/A       67%         3
 Mephitic Cloud           Conj/Pois/Air  2%         N/A       67%         3
 Swiftness                Air            2%         N/A       67%         3
 Tukima's Dance           Hex            2%         N/A       67%         3
 Passage of Golubria      Tloc           6%         N/A       80%         4
 Fulminant Prism          Conj/Hex       1%         3d5       97%         4
 Agony                    Necr           2%         N/A       100%        5
 Alistair's Intoxication  Tmut/Pois      1%         N/A       100%        5
 Freezing Cloud           Conj/Ice/Air   1%         6-21      100%        5
 Iskenderun's Battlesphe  Conj           2%         2d6       100%        5
 Silence                  Hex/Air        1%         N/A       100%        5
 Yara's Violent Unravell  Hex/Tmut       1%         3d3       100%        5
 Iron Shot                Conj/Erth      1%         9d1       100%        6
 Simulacrum               Ice/Necr       1%         N/A       100%        6
 Spellforged Servitor     Conj/Summ      1%         N/A       100%        7
 Polar Vortex             Ice            1%         N/A       100%        9


Dungeon Overview and Level Annotations

Branches:
Dungeon (15/15)            Temple (1/1) D:6            Lair (5/5) D:11
  Swamp (0/4) Lair:3        Snake (4/4) Lair:3        Slime (0/5) Lair:5
    Orc (2/2) D:11            Elf (0/3) Orc:2        Vaults (0/5) D:14
 Depths (0/4) D:15          Sewer (visited)           IceCv (visited)

Altars:
Ashenzari
Cheibriados
Dithmenos
Elyvilon
Fedhas
Gozag
Hepliaklqana
Kikubaaqudgha
Makhleb
Nemelex Xobeh
Okawaru
Qazlal
Ru
Sif Muna
Trog
Uskayaw
Vehumet
Wu Jian
Xom
Yredelemnul
Zin
The Shining One
Jiyva

Shops:
D:2 ?   D:4 [   D:11 (!!   D:12 (   Orc:2 ([:(   Snake:1 *!

Annotations:
D:14 1 transporter
Lair:5 exclusion: 4 oklob plants
Snake:2 Vashnia


Innate Abilities, Weirdness & Mutations

You have razor-sharp teeth.
Your natural rate of healing is unusually fast.
When hurt, damage is shared between your health and your magic reserves.
Your bite disrupts and absorbs the magic of your enemies.
Potions cannot restore your health.


Message History

Aiming: Thunderbolt
Press: ? - help, Shift-Dir - straight line, f/p - naga ritualist
Aim: a naga ritualist, wielding a +0 hand axe and wearing a +0 robe (severely wounded)
The thunderbolt hits the naga ritualist!
The naga ritualist is almost dead.
You feel very sick.
You hear a shout!
You hear an angry hiss.
Aiming: Thunderbolt
Press: ? - help, Shift-Dir - straight line, f/p - naga ritualist
Aim: a naga ritualist, wielding a +0 hand axe and wearing a +0 robe (almost dead)
The thunderbolt hits the naga ritualist!!
You kill the naga ritualist!
The Council accepts your kill.
You feel very sick.
You start resting.
You feel very sick. x2
You feel sick. x2
You feel less vulnerable to poison.
You feel sick.
Aiming: Corrosive Bolt
Press: ? - help, Shift-Dir - straight line, f - nagaraja
Aim: a nagaraja, wielding a +0 halberd and wearing a +0 robe (heavily wounded, magic disrupted, 71% to hit)
The bolt of acid hits the nagaraja!
The acid corrodes the nagaraja!
The nagaraja is severely wounded.
You feel sick.
The nagaraja gestures at you while chanting.
The bolt of poison hits you!!
You are more poisoned.
* * * LOW HITPOINT WARNING * * *
Okay, then.
Magic courses through your body.
* * * LOW HITPOINT WARNING * * *
You feel very sick.
Aiming: Fastroot
Press: ? - help, Shift-Dir - straight line, f/p - nagaraja
Aim: a nagaraja, wielding a +0 halberd and wearing a +0 robe (severely wounded, covered in acid, magic disrupted)
The roots erupt in riotous growth!
Roots grab the nagaraja.
The grasping roots constrict the nagaraja.
You die...

######
#....##
##.....#
#@..)..#
#####N.##
##..######
##......####
###.S.....#
####.NN<#
##..S# #...#
#..ยง##


You could see a nagaraja (corroded, rooted, magic disrupted).

Vanquished Creatures
  Jorgrun (Snake:1)
  Asterion (Snake:1)
  Kirke (D:13)
  A nagaraja (Snake:2)
  Aizul (Snake:1)
  Louise (D:14)
  2 very ugly things (IceCv)
  A stone giant (D:15)
  Nessos (D:14)
  Azrael (D:14)
  Josephine (D:13)
  A salamander tyrant (Snake:1)
  8 anacondas
  Erica (D:8)
  3 caustic shrike simulacra (IceCv)
  20 two-headed ogres
  5 centaur warriors
  A death knight (D:14)
  2 boulder beetles
  6 ogre magi
  15 naga warriors
  22 death yaks
  3 tengu warriors
  Urug (D:14)
  6 naga sharpshooters
  6 shock serpents
  4 salamander mystics
  6 naga ritualists
  5 skeletal warriors
  Pikel (D:5)
  2 orc knights
  A wizard (D:15)
  2 orange crystal statues (IceCv)
  5 deep elf pyromancers
  4 mana vipers
  2 orc sorcerers
  A cyclops (D:12)
  19 salamanders
  8 ugly things (D:14)
  16 elephants
  6 guardian serpents
  Maurice (D:13)
  9 naga magi
  42 black mambas
  7 cane toads
  3 gargoyles
  11 komodo dragons
  A yaktaur (shapeshifter) (D:12)
  A kobold demonologist (D:13)
  An unseen horror (D:11)
  2 rime drakes
  A tengu conjurer (D:13)
  5 freezing wraiths
  An anaconda simulacrum (IceCv)
  2 golden dragon simulacra (IceCv)
  6 trolls
  6 hornets
  Prince Ribbit (D:6)
  8 polar bears
  3 tyrant leeches (Lair:3)
  8 slime creatures
  18 blink frogs
  19 dream sheep
  A centaur simulacrum (D:15)
  A shadow (D:10)
  4 wraiths
  13 spriggans (Lair:5)
  60 yaks
  3 wyverns
  3 basilisks
  A dire elephant simulacrum (IceCv)
  3 fire elementals (D:14)
  6 hogs (D:13)
  16 humans (D:14)
  3 vampire mosquitoes (D:12)
  2 steam dragons
  A warg (D:11)
  2 harpy simulacra (IceCv)
  2 acid dragons
  53 nagas
  A swamp worm (Lair:3)
  16 water moccasins
  A hydra simulacrum (IceCv)
  A hell hound (D:14)
  2 black bears
  16 orc warriors
  2 ice beasts (D:6)
  A sky beast (D:6)
  3 alligator simulacra (IceCv)
  2 ettin simulacra (IceCv)
  25 ogres
  7 boggarts
  21 wolves
  17 centaurs
  3 phantoms
  A lemure (D:5)
  4 kobold brigands
  12 bullfrogs
  2 gnoll sergeants (D:7)
  A scorpion (D:3)
  5 wights (D:7)
  2 lindwurm simulacra (IceCv)
  6 killer bees (D:9)
  6 electric eels
  12 howler monkeys
  2 centaur zombies (D:4)
  3 jellies
  A lava snake (D:12)
  5 hounds
  19 orc priests
  A gnoll bouda (Lair:4)
  17 orc wizards
  A scorpion zombie (D:4)
  Ijyb (D:4)
  4 iguanas
  A hound skeleton (D:4)
  A howler monkey zombie (D:4)
  13 gnolls
  11 adders
  A shadow imp (D:7)
  2 white imps (D:5)
  An ufetubus (D:4)
  3 adder zombies (D:4)
  4 worms
  2 dart slugs
  81 orcs
  6 endoplasms
  10 giant cockroaches
  8 hobgoblins
  7 jackals
  26 kobolds
  6 quokkas
  3 training dummies (D:12)
  13 ball pythons
  9 bats
  17 frilled lizards
  6 goblins
  9 rats
  A spectral orc (D:3)
988 creatures vanquished.

Vanquished Creatures (others)
  A howler monkey (D:14)
  An orc priest (Orc:2)
  An orc wizard (D:11)
  39 fungi
  37 plants
  3 withered plants (D:4)
82 creatures vanquished.

Grand Total: 1070 creatures vanquished

Notes
Turn   | Place    | Note
-------+----------+-------------------------------------------
     0 | D:1      | jt the Vine Stalker Fighter began the quest for the Orb.
     0 | D:1      | Reached XP level 1. HP: 11/11 MP: 2/2
   174 | D:1      | Reached XP level 2. HP: 16/16 MP: 3/3
   427 | D:1      | Reached XP level 3. HP: 20/20 MP: 4/4
  1334 | D:2      | Found Vuqush's Magic Scroll Shop.
  1346 | D:2      | Bought a scroll of blinking for 105 gold pieces
  1662 | D:2      | Gained mutation: Your natural rate of healing is unusually
                  | fast. [Vine Stalker growth]
  1662 | D:2      | Reached XP level 4. HP: 22/24 MP: 5/5
  1988 | D:3      | Noticed a scorpion
  2005 | D:3      | Killed a scorpion
  2006 | D:3      | Reached XP level 5. HP: 24/28 MP: 4/6
  2227 | D:3      | Found a white marble altar of Elyvilon.
  2299 | D:3      | Found a burning altar of Makhleb.
  2354 | D:3      | Found a hazy altar of Hepliaklqana.
  2473 | D:3      | Identified the +0 pair of gloves of the Sea {Regen+ Str+3}
  2764 | D:4      | Reached XP level 6. HP: 33/33 MP: 7/7
  2880 | D:4      | Found a glowing drain.
  2903 | Sewer    | Entered a sewer
  2945 | Sewer    | Reached skill level 1 in Evocations
  3317 | D:2      | Bought a scroll of identify for 28 gold pieces
  3317 | D:2      | Bought a scroll of blinking for 105 gold pieces
  3393 | D:4      | Found Voijasoi's Armour Boutique.
  3408 | D:4      | Reached XP level 7. HP: 36/37 MP: 8/8
  3421 | D:4      | Found a glowing golden altar of the Shining One.
  3531 | D:4      | Noticed Ijyb
  3543 | D:4      | Killed Ijyb
  3544 | D:4      | Reached skill level 5 in Short Blades
  3600 | D:4      | Found the +13 scythe of Curses {drain, Drain}
  3680 | D:4      | Found a basalt altar of Yredelemnul.
  3887 | D:5      | Entered Level 5 of the Dungeon
  3933 | D:5      | Identified the amulet of the Slug {Spirit Int+3 Dex+4}
  3960 | D:5      | Gained mutation: You have razor-sharp teeth. [Vine Stalker
                  | growth]
  3960 | D:5      | Reached XP level 8. HP: 42/42 MP: 9/9
  4168 | D:5      | Noticed Pikel
  4260 | D:5      | Killed Pikel
  4261 | D:5      | Reached skill level 5 in Fighting
  4261 | D:5      | Reached skill level 5 in Shields
  4754 | D:5      | Reached XP level 9. HP: 47/47 MP: 10/10
  5483 | D:6      | Noticed Prince Ribbit
  5503 | D:6      | Killed Prince Ribbit
  5507 | D:6      | Found a staircase to the Ecumenical Temple.
  5833 | D:6      | Learned a level 2 spell: Blink
  6167 | D:7      | Reached XP level 10. HP: 50/53 MP: 11/11
  6344 | Temple   | Entered the Ecumenical Temple
  6344 | Temple   | Found a transporter.
  6344 | Temple   | Found a transporter.
  6346 | Temple   | Found a transporter.
  6346 | Temple   | Found a transporter.
  6366 | Temple   | Became a worshipper of the Wu Jian Council
  7171 | D:8      | Found a broken altar of Ashenzari.
  7171 | D:8      | Found a shimmering altar of Xom.
  7293 | D:8      | Noticed Erica
  7308 | D:8      | Killed Erica
  7361 | D:8      | Reached skill level 10 in Short Blades
  7424 | D:8      | Found a snail-covered altar of Cheibriados.
  7558 | D:8      | Noticed a moth of wrath
  7561 | D:8      | Found a bloodstained altar of Trog.
  7612 | D:8      | Identified the +10 trident of Painful Death {protect,
                  | Will+}
  7937 | D:9      | Reached * piety under Wu Jian
  7984 | D:9      | Found an iron altar of Okawaru.
  7997 | D:9      | Learned a level 1 spell: Apportation
  8071 | D:9      | Found a shimmering blue altar of Sif Muna.
  8105 | D:9      | Got Sif Muna's Disquisition on Variation
  8477 | D:9      | Reached XP level 11. HP: 60/60 MP: 12/12
  8861 | D:10     | Entered Level 10 of the Dungeon
  8861 | D:10     | Noticed a two-headed ogre
  8902 | D:10     | Reached ** piety under Wu Jian
  9209 | D:10     | Killed a two-headed ogre
  9350 | D:10     | Identified the ring "Irroyru" {Fire Will- Str+2 Dex+2}
  9540 | D:10     | Noticed a two-headed ogre
  9548 | D:10     | Noticed a two-headed ogre
  9554 | D:10     | Killed a two-headed ogre
  9565 | D:10     | Killed a two-headed ogre
  9968 | D:11     | Reached skill level 1 in Spellcasting
  9986 | D:11     | Reached *** piety under Wu Jian
 10029 | D:11     | Reached skill level 10 in Shields
 10081 | D:11     | Found Boca's Distillery.
 10100 | D:11     | Bought a potion of haste for 120 gold pieces
 10104 | D:11     | Bought a potion of degeneration for 12 gold pieces
 10276 | D:11     | Found Ywunor's Weapon Shop.
 10425 | D:11     | Found Teoplah's Distillery.
 10433 | D:11     | Bought a potion of lignification for 33 gold pieces
 10443 | D:11     | Found a staircase to the Lair.
 10666 | Lair:1   | Entered Level 1 of the Lair of Beasts
 10687 | Lair:1   | Reached skill level 10 in Fighting
 10848 | Lair:1   | Noticed a death yak
 10851 | Lair:1   | Noticed a death yak
 10852 | Lair:1   | Noticed a death yak
 10852 | Lair:1   | Noticed a death yak
 10853 | Lair:1   | Noticed a death yak
 10864 | Lair:1   | Noticed a death yak
 10874 | Lair:1   | Killed a death yak
 10875 | Lair:1   | Reached XP level 12. HP: 56/68 MP: 11/16
 10883 | Lair:1   | Killed a death yak
 10883 | Lair:1   | Killed a death yak
 10883 | Lair:1   | Killed a death yak
 10889 | Lair:1   | Killed a death yak
 10893 | Lair:1   | Killed a death yak
 11039 | Lair:1   | Noticed a boulder beetle
 11072 | Lair:1   | Killed a boulder beetle
 11538 | Lair:1   | Reached **** piety under Wu Jian
 11781 | Lair:2   | Noticed a death yak
 11781 | Lair:2   | Noticed a death yak
 11781 | Lair:2   | Noticed a death yak
 11781 | Lair:2   | Noticed a death yak
 11781 | Lair:2   | Noticed a death yak
 11781 | Lair:2   | Noticed a death yak
 11871 | Lair:1   | Killed a death yak
 11893 | Lair:1   | Killed a death yak
 11895 | Lair:1   | Killed a death yak
 11896 | Lair:1   | Reached XP level 13. HP: 52/75 MP: 17/17
 12591 | D:11     | Found a staircase to the Orcish Mines.
 12614 | Orc:1    | Entered Level 1 of the Orcish Mines
 12892 | Orc:1    | Reached ***** piety under Wu Jian
 13005 | Orc:2    | Entered Level 2 of the Orcish Mines
 13208 | Orc:2    | Reached skill level 1 in Translocations
 13262 | Orc:2    | Found Babiuwn's Antique Armour Emporium.
 13262 | Orc:2    | Found Hesucag's Antique Weapon Shop.
 13262 | Orc:2    | Found Enkiac's Antique Weapon Boutique.
 13262 | Orc:2    | Found Dinkauca's Book Emporium.
 13326 | Orc:2    | Bought a glowing dagger for 140 gold pieces
 13370 | Orc:2    | Found a staircase to the Elven Halls.
 13416 | Orc:2    | Reached XP level 14. HP: 73/83 MP: 19/19
 13997 | D:4      | Bought the +3 robe of Clouds {*Thunder rCloud rElec} for
                  | 297 gold pieces
 13997 | D:4      | Found the +3 robe of Clouds {*Thunder rCloud rElec}
 14745 | Lair:3   | Found a staircase to the Snake Pit.
 15243 | Lair:3   | Found a staircase to the Swamp.
 15897 | Lair:4   | Reached ****** piety under Wu Jian
 16182 | Lair:4   | Reached skill level 15 in Shields
 16854 | Lair:4   | Reached skill level 15 in Fighting
 17156 | Lair:5   | Entered Level 5 of the Lair of Beasts
 17238 | Lair:5   | Found a viscous altar of Jiyva.
 17634 | Lair:5   | Reached skill level 1 in Dodging
 17710 | Lair:5   | Reached XP level 15. HP: 58/90 MP: 20/20
 18556 | Lair:5   | Found a staircase to the Slime Pits.
 19159 | D:12     | Found Saix's Firing Range.
 19901 | D:13     | Noticed Josephine
 20096 | D:13     | Killed Josephine
 20744 | D:13     | Noticed Kirke
 20748 | D:13     | Noticed Maurice
 20778 | D:13     | Killed Maurice
 20803 | D:13     | Killed Kirke
 20804 | D:13     | Reached skill level 5 in Dodging
 20915 | D:13     | Identified a scroll of acquirement
 21516 | D:14     | Noticed Nessos
 21516 | D:14     | Noticed Urug
 21516 | D:14     | Noticed Louise
 21516 | D:14     | Found a gate to the Vaults.
 21527 | D:14     | Killed Louise
 21531 | D:14     | Killed Urug
 21654 | D:14     | Killed Nessos
 21655 | D:14     | Reached XP level 16. HP: 97/97 MP: 21/21
 22377 | D:14     | Noticed Azrael
 22390 | D:14     | Killed Azrael
 22469 | D:14     | Found a transporter.
 22755 | D:15     | Entered Level 15 of the Dungeon
 22761 | D:15     | Found a staircase to the Depths.
 23004 | D:13     | Acquired 864 gold pieces
 23388 | D:15     | Identified the amulet of Doehehas {Faith rF++ rN+}
 23929 | D:15     | Found a sacrificial altar of Ru.
 24183 | Snake:1  | Entered Level 1 of the Snake Pit
 24186 | Snake:1  | Noticed Asterion
 24201 | Snake:1  | Killed Asterion
 24390 | Snake:1  | Found Fomehe's Distillery.
 24396 | Snake:1  | Bought a potion of resistance for 120 gold pieces
 24438 | Snake:1  | Found a frozen archway.
 24479 | IceCv    | Entered an ice cave
 24570 | IceCv    | Identified the -2 pair of boots of the Valley {rC+ Will-
                  | Int+3}
 24722 | IceCv    | Identified the ring "Seusyote" {Fire Dex+5}
 25071 | Snake:1  | Found Lontaog's General Store.
 25081 | Snake:1  | Noticed Jorgrun
 25104 | Snake:1  | Killed Jorgrun
 25131 | Snake:1  | Reached XP level 17. HP: 104/104 MP: 22/22
 25212 | Snake:1  | Noticed Aizul
 25246 | Snake:1  | Killed Aizul
 25780 | Snake:2  | Found an ornate altar of the Wu Jian Council.
 25938 | Snake:2  | Noticed Vashnia
 25955 | Snake:2  | You fall into a shaft and drop 1 floor!
 26802 | Snake:3  | Reached skill level 1 in Throwing
 27666 | Snake:4  | Entered Level 4 of the Snake Pit
 27965 | Snake:4  | Reached XP level 18. HP: 56/112 MP: 24/24
 28218 | Snake:4  | HP: 5/112 [poisoned by a guardian serpent (bolt of poison)]
 28357 | Snake:4  | HP: 2/112 [poisoned by a nagaraja (bolt of poison)]
 28358 | Snake:4  | Succumbed to a nagaraja's bolt of poison

Illustrated notes

Levels and vault maps discovered:
D:1:      psy_arrival_radial02, layout_basic
D:2:      layout_loops_cross, serial_shops, nicolae_shop_advertising_works
          [nicolae_subvault_shop_adworks]
D:3:      layout_basic, nicolae_hepliaklqana_monster_ancestors,
          mainiacjoe_overflow_cross_hatched, mainiacjoe_overflow_boulevard
D:4:      layout_rooms, yredelemnul_altar_generic, tso_metal_star,
          serial_undead, serial_undead_e, serial_undead_b, serial_undead_c,
          serial_undead_c, portal_sewer_entry_b, serial_shops, shop,
          minmay_checkerbox, uniq_ijyb
D:5:      layout_loops_corners, chequers_big_river, uniq_pikel
D:6:      layout_cave_pools, minmay_temple_entry_mist,
          hangedman_decor_diamond_cutter, nicolae_sextant, uniq_prince_ribbit1
D:7:      layout_loops_ring
D:8:      layout_loops_ring, nicolae_overflow_hidden_temple, tgw_trog,
          nicolae_overflow_two_pavilions, uniq_erica
D:9:      layout_basic, lemuel_crystal_altar, led_sif_book
D:10:     layout_stronghold
D:11:     layout_roguey, lair_entry_dummy, erik_orc_2, serial_shops,
          shop_fountains, nicolae_diamond_shop, shop_statue,
          nicolae_twisting_strands
D:12:     kennysheep_big_flooded_room, layout_loops_corners,
          nicolae_lava_and_water, nicolae_shop_firing_range
D:13:     layout_loops_cross, uniq_josephine, uniq_maurice, uniq_kirke
D:14:     emtedronai_trogs_sanctum, layout_basic, david_vaults_3,
          minmay_misc_feat_columns, uniq_louise, uniq_azrael
D:15:     grunt_enter_depths_giant_problem, layout_basic,
          nicolae_ru_the_path_less_chosen
Temple:   hellmonk_temple_divided_pantheon
Lair:1:   layout_regular_city, lemuel_fruit_tree
Lair:2:   layout_hall_layers
Lair:3:   layout_gridlike, minmay_swamp_entry_worms,
          minmay_snake_entry_six_corridors, uniq_nessos
Lair:4:   layout_concentric_octagons, dreamdust_gnoll_shepherd
Lair:5:   minmay_lair_end_enchanted_forest, layout_regular_city,
          minmay_slime_entry_oklob_open, grunt_megastairs_1
Snake:1:  layout_gridlike, serial_shops, nicolae_square_shop, shop,
          portal_ice_cave_entry_frozen_things, serial_bayou_pond_c, uniq_aizul,
          uniq_jorgrun, uniq_asterion
Snake:2:  layout_rooms, basic_altar, uniq_vashnia
Snake:3:  layout_gridlike
Snake:4:  hellmonk_snake_rune_quicksilver_temple, layout_misc_corridors,
          serial_shops, nicolae_shop_crystal, nicolae_fountain_basement
Orc:1:    layout_caves, nicolae_orc_lost_temple
Orc:2:    st_orc_ogre_mass, layout_diamond_mine

Skill      XL: |  1  2  3  4  5  6  7  8  9 10 11 12 13 14 15 16 17 18 |
---------------+-------------------------------------------------------+-----
Short Blades   | 2 3 4 5 7 9 10 | 10.0
Fighting       | 3 4 5 6 8 10 12 13 15 16 17 19 | 19.1
Shields        | 3 4 5 6 8 10 12 13 15 16 18 19 | 19.3
Evocations     | 1 2 |  2.0
Stealth        | 2 |  2.0
Spellcasting   | 2 3 4 |  4.6
Translocations | 2 |  2.0
Dodging        | 1 5 |  5.0
Throwing       | 2 |  2.0
Armour         | |  2.4

Action                   |  1- 3 |  4- 6 |  7- 9 | 10-12 | 13-15 | 16-18 || total
-------------------------+-------+-------+-------+-------+-------+-------++-------
Melee: Rapier            |    92 |       |       |       |       |       ||    92
       Bite              |    30 |    69 |   152 |   487 |  1169 |  1171 ||  3078
       Short sword       |    29 |   254 |   396 |  1061 |   520 |    97 ||  2357
       Spear             |       |     1 |       |       |       |       ||     1
       Trident           |       |       |       |    10 |     6 |       ||    16
       Dagger            |       |       |       |       |  1903 |  2171 ||  4074
 Fire: Sling             |       |    23 |       |       |       |       ||    23
Throw: Boomerang         |     2 |    18 |    56 |    70 |    44 |       ||   190
       Dart              |       |     3 |     4 |    33 |    56 |    91 ||   187
       Javelin           |       |       |       |       |       |    11 ||    11
 Cast: Apportation       |       |       |       |     4 |       |       ||     4
       Blink             |       |       |       |       |     9 |     4 ||    13
Invok: Lunge             |       |       |       |    42 |    98 |   137 ||   277
       Whirlwind         |       |       |       |   141 |   400 |   297 ||   838
       Serpent's Lash    |       |       |       |     2 |    11 |    19 ||    32
 Abil: Wall Jump         |       |       |       |     1 |     7 |     5 ||    13
Evoke: Wand              |       |       |    13 |     8 |     6 |    16 ||    43
       Tin of tremorston |       |       |       |     2 |     5 |     2 ||     9
       Condenser vane    |       |       |       |     1 |     1 |     1 ||     3
       Lightning rod     |       |       |       |       |       |    12 ||    12
       Phial of floods   |       |       |       |       |       |     1 ||     1
  Use: Scroll            |       |     8 |     8 |     6 |     7 |     5 ||    34
       Potion            |       |       |       |     2 |     3 |     5 ||    10
 Stab: Paralysed         |       |       |     9 |       |       |     1 ||    10
       Invisible         |       |       |       |     4 |     6 |       ||    10
       Confused          |       |       |       |     3 |       |       ||     3
       Sleeping          |       |       |       |       |     7 |     4 ||    11
       Distracted        |       |       |       |       |     3 |     2 ||     5
Armor: Scale mail        |    33 |    60 |    23 |       |       |       ||   116
       Ring mail         |       |       |    43 |   123 |    35 |       ||   201
       Robe              |       |       |       |       |    87 |    73 ||   160
       Chain mail        |       |       |       |       |       |    12 ||    12
Dodge: Dodged            |    33 |   116 |   177 |   353 |   440 |   488 ||  1607
Block: Buckler           |    29 |    48 |    81 |    63 |    90 |    46 ||   357
       Kite shield       |       |       |       |   221 |   591 |   736 ||  1548
       Reflection        |       |       |       |       |       |    69 ||    69

Table legend: (Time is in decaauts)
 A = Elapsed time spent in this place.
 B = Non-inter-level travel time spent in this place.
 C = Inter-level travel time spent in this place.
 D = Time resting spent in this place.
 E = Time spent auto-exploring this place.
 F = Levels seen in this place.
 G = Mean time per level.
                   A        B        C        D        E       F      G
               +--------+--------+--------+--------+--------+-----+--------+
         Total |  26717 |  23873 |   2844 |   1217 |  11796 |  29 |  921.3 |
       Dungeon |  15213 |  13442 |   1771 |    555 |   7734 |  15 | 1014.2 |
        Temple |     46 |     46 |      0 |      0 |      0 |   1 |   46.0 |
          Lair |   6300 |   5490 |    810 |    243 |   2736 |   5 | 1260.0 |
     Snake Pit |   3393 |   3192 |    201 |    356 |    555 |   4 |  848.2 |
  Orcish Mines |   1095 |   1034 |     61 |      0 |    667 |   2 |  547.5 |
         Sewer |    394 |    394 |      0 |      0 |    104 |   1 |  394.0 |
      Ice Cave |    273 |    273 |      0 |     63 |      0 |   1 |  273.0 |
               +--------+--------+--------+--------+--------+-----+--------+

Top non-repeatable levels by time:
  Lair:5: 1529 daAuts
  Lair:4: 1431 daAuts
 Snake:1: 1313 daAuts
  Lair:1: 1302 daAuts
     D:1: 1247 daAuts
    D:12: 1232 daAuts
     D:5: 1224 daAuts
 Snake:3: 1186 daAuts
     D:9: 1154 daAuts
    D:11: 1129 daAuts
    D:14: 1105 daAuts
    D:13: 1105 daAuts
  Lair:3: 1100 daAuts
    D:15: 1074 daAuts
     D:7: 1036 daAuts
